 Dungeon Crawl Stone Soup version 0.22-a0-135-g6f012ad (webtiles) character file.

113 theanonym the Chopper (level 4, -6/37 HPs)
             Began as a Mummy Monk on Jan 31, 2018.
             Killed from afar by an orc wizard (8 damage)
             ... with a magic dart
             ... on level 3 of the Dungeon.
             The game lasted 00:05:42 (3231 turns).

theanonym the Chopper (Mummy Monk)                  Turns: 3231, Time: 00:05:43

Health: -6/37      AC:  6    Str: 15    XL:     4   Next: 65%
Magic:  4/4        EV: 10    Int:  9    God:
Gold:   127        SH:  0    Dex: 14    Spells: 3/3 levels left

rFire    x . .     SeeInvis .   a - +0 hand axe
rCold    + . .     Gourm    .   (no shield)
rNeg     + + +     Faith    .   h - +0 scale mail {10}
rPois    ∞         Spirit   .   (no helmet)
rElec    .         Reflect  .   (no cloak)
rCorr    .         Harm     .   (no gloves)
MR       .....                  (no boots)
Stlth    ..........             (no amulet)
HPRegen  0.12/turn              (no ring)
MPRegen  0.09/turn              (no ring)

@: about to teleport, slowed, very slow
A: no food or potions, fire vulnerability, cold resistance 1, negative energy
resistance 3, torment resistance, unbreathing
a: no special abilities


Innate Abilities, Weirdness & Mutations

You do not eat or drink.
Your flesh is vulnerable to fire.
You are immune to poison.
Your flesh is cold resistant. (rC+)
You are immune to negative energy. (rN+++)
You are immune to unholy pain and torment.
You can survive without breathing.


   Skills:
 + Level 3.9 Fighting
 * Level 4.0 Axes
 - Level 2.4 Dodging
 - Level 1.5 Stealth


You had 3 spell levels left.
You didn't know any spells.

Skill      XL: |  1  2  3  4 |
---------------+-------------+-----
Axes           | 3 4 |  4.0
Fighting       | |  3.9
Dodging        | |  2.4
Stealth        | |  1.5

Action                   |  1- 3 |  4- 6 || total
-------------------------+-------+-------++-------
Melee: Hand axe          |   149 |    60 ||   209
  Use: Scroll            |       |     3 ||     3
 Stab: Sleeping          |     7 |       ||     7
Armor: Robe              |    16 |       ||    16
       Ring mail         |    24 |     4 ||    28
       Scale mail        |       |    21 ||    21
Dodge: Dodged            |    98 |    37 ||   135

Inventory:

Hand Weapons
 a - a +0 hand axe (weapon)
Armour
 b - a +0 robe {0}
 e - a +0 ring mail {7}
   (You found it on level 1 of the Dungeon)
 h - a +0 scale mail (worn) {10}
   (You found it on level 2 of the Dungeon)
Scrolls
 g - a scroll of enchant weapon
 r - a scroll of identify


You were on level 3 of the Dungeon.
You were not hungry.

You visited 1 branch of the dungeon, and saw 3 of its levels.

You collected 127 gold pieces.

Dungeon Overview and Level Annotations

Branches:
Dungeon (3/15)

Altars:
Ashenzari
Vehumet

....#..# ##.#....)### ..
.#.# #....#.l# ......
......... #.
..###..#.....#J. #......
............ #.#..
............ #...#
...........## #o#
....... #@###....... ##
#).........[
..##.!#####.............
....J...##...#.........
............#.........#
....o...#####.........#
........# #...).....#
........# #.........#
........# #....÷)...#


You could see an orc wizard.

Notes
Turn   | Place    | Note
-------+----------+-------------------------------------------
     0 | D:1      | theanonym the Mummy Monk began the quest for the Orb.
     0 | D:1      | Reached XP level 1. HP: 18/18 MP: 1/1
    28 | D:1      | HP: 8/18 [goblin/club (3)]
   352 | D:1      | Reached XP level 2. HP: 24/24 MP: 2/2
   432 | D:1      | Reached skill level 3 in Axes
   605 | D:1      | Found a shattered altar of Ashenzari.
  1041 | D:1      | Reached XP level 3. HP: 20/29 MP: 3/3
  1192 | D:2      | Found a radiant altar of Vehumet.
  1245 | D:2      | HP: 13/29 [worm (10)]
  1596 | D:2      | HP: 7/29 [worm (10)]
  2083 | D:2      | Reached XP level 4. HP: 37/37 MP: 4/4
  2315 | D:2      | HP: 17/37 [worm (7)]
  2730 | D:3      | HP: 15/37 [leopard gecko (4)]
  2939 | D:3      | Noticed an ogre
  3220 | D:3      | Reached skill level 4 in Axes
  3226 | D:3      | HP: 12/37 [orc wizard/magic dart (10)]
  3230 | D:3      | HP: 1/37 [orc wizard/dagger (5)]
  3231 | D:3      | Killed from afar by an orc wizard

Vanquished Creatures
  4 adders
  2 oozes
  2 worms (D:2)
  3 dart slugs
  3 leopard geckos
  An orc (D:2)
  A giant cockroach (D:2)
  5 goblins
  8 hobgoblins
  4 jackals (D:1)
  A quokka (D:2)
  8 bats
  2 frilled lizards
  2 kobolds
  9 rats
55 creatures vanquished.

Table legend:
 A = Turns spent in this place as a percentage of turns spent in the entire game.
 B = Non-inter-level travel turns spent in this place as a percentage of non-inter-level travel turns spent in the entire game.
 C = Inter-level travel turns spent in this place as a percentage of turns spent in this place.
 D = Turns resting spent in this place as a percentage of non-inter-level travel turns spent in this place.
 E = Turns spent auto-exploring this place as a percentage of non-inter-level travel turns spent in this place.
 F = Non-inter-level travel turns spent in this place divided by the number of levels of this place that you've seen.
                   A       B       C       D       E      F
               +-------+-------+-------+-------+-------+----------------------
         Total | 100.0 | 100.0 |   6.7 |  36.5 |  45.7 | 1005.3
       Dungeon | 100.0 | 100.0 |   6.7 |  36.5 |  45.7 | 1005.3
               +-------+-------+-------+-------+-------+----------------------
